2777 views
Uploaded 2020-02-24 20:13:48
Game version 1.32.2
14:54 long 3on3 ladder game on (8)Battleground_LV
Saved by BEARAND
2777 views
Uploaded 2020-02-24 20:13:48
Game version 1.32.2
14:54 long 3on3 ladder game on (8)Battleground_LV


56 units @ 5.8k
/ 0.4k
130 buildings @ 10.8k
/ 4.8k



| Orb of Corruption | 2 | 750 |
| Staff of Teleportation | 2 | 300 |
| Boots of Speed | 3 | 750 |
| total: | 7 | 1800g |
| Acolyte | 12 | 900 | / | 0 |
| Ghoul | 7 | 840 | / | 0 |
| Obsidian Statue | 2 | 400 | / | 70 |
| total: | 21 | 2140g | / | 70w |
| Nerubian Tower | 2 | 200 | / | 40 |
| Spirit Tower | 4 | 580 | / | 160 |
| Crypt | 1 | 200 | / | 50 |
| Altar of Darkness | 1 | 180 | / | 50 |
| Ziggurat | 10 | 1500 | / | 500 |
| Graveyard | 1 | 215 | / | 0 |
| Necropolis | 4 | 900 | / | 0 |
| Tomb of Relics | 3 | 390 | / | 90 |
| Slaughterhouse | 1 | 140 | / | 135 |
| Halls of the Dead | 1 | 320 | / | 210 |
| Black Citadel | 1 | 325 | / | 230 |
| total: | 21 | 3525g | / | 825w |
| 0:04 | Acolyte |
| 0:07 | Crypt |
| 0:11 | Altar of Darkness |
| 0:16 | Acolyte |
| 0:33 | Ziggurat |
| 1:11 | Graveyard |
| 1:11 | Ghoul |
| 1:21 | Ghoul |
| 1:34 | Ghoul |
| 1:42 | Nerubian Tower |
| 2:03 | Ziggurat |
| 2:11 | Ghoul |
| 2:21 | Death Coil |
| 2:56 | Ghoul |
| 2:56 | Ghoul |
| 2:57 | Spirit Tower |
| 3:31 | Ghoul |
| 3:34 | Halls of the Dead |
| 4:01 | Staff of Teleportation |
| 4:01 | Boots of Speed |
| 5:17 | Necropolis |
| 5:43 | Unholy Aura |
| 6:10 | Ziggurat |
| 7:33 | Black Citadel |
| 7:38 | Acolyte |
| 7:38 | Acolyte |
| 7:38 | Acolyte |
| 7:38 | Acolyte |
| 7:39 | Acolyte |
| 7:44 | Slaughterhouse |
| 7:58 | Frost Nova |
| 8:16 | Spirit Tower |
| 8:20 | Ziggurat |
| 8:20 | Ziggurat |
| 8:21 | Ziggurat |
| 8:34 | Tomb of Relics |
| 8:35 | Tomb of Relics |
| 8:36 | Tomb of Relics |
| 9:10 | Ziggurat |
| 9:10 | Ziggurat |
| 9:11 | Ziggurat |
| 9:16 | Death Coil |
| 9:42 | Necropolis |
| 9:46 | Obsidian Statue |
| 9:47 | Obsidian Statue |
| 9:56 | Orb of Corruption |
| 10:04 | Orb of Corruption |
| 11:34 | Nerubian Tower |
| 11:35 | Spirit Tower |
| 11:37 | Ziggurat |
| 11:41 | Acolyte |
| 11:43 | Acolyte |
| 11:44 | Acolyte |
| 12:05 | Acolyte |
| 12:05 | Acolyte |
| 12:12 | Necropolis |
| 12:20 | Necropolis |
| 12:31 | Frost Armor |
| 12:46 | Carrion Swarm |
| 12:54 | Boots of Speed |
| 12:54 | Boots of Speed |
| 13:22 | Staff of Teleportation |
| 13:50 | Spirit Tower |
| Right click | 724 |
| Select group | 437 |
| Select | 147 |
| Resource trade | 68 |
| Build/train/purchase | 63 |
| Misc. action | 30 |
| Use ability | 29 |
| Minimap ping | 22 |
| Assign group | 14 |
| Item give/drop | 9 |
| Chat | 6 |
| Esc | 1 |



| Staff of Sanctuary | 1 | 250 |
| Scroll of Town Portal | 1 | 350 |
| Staff of Teleportation | 2 | 300 |
| Boots of Speed | 3 | 750 |
| Periapt of Vitality | 1 | 325 |
| Potion of Lesser Invulnerability | 1 | 150 |
| Circlet of Nobility | 2 | 350 |
| total: | 11 | 2475g |
| Peasant | 17 | 1275 | / | 0 |
| Priest | 1 | 135 | / | 10 |
| Dragonhawk Rider | 1 | 200 | / | 30 |
| total: | 19 | 1610g | / | 40w |
| Scout Tower | 69 | 2070 | / | 1380 |
| Arcane Tower | 4 | 280 | / | 200 |
| Guard Tower | 31 | 2170 | / | 1550 |
| Altar of Kings | 1 | 180 | / | 50 |
| Farm | 5 | 400 | / | 100 |
| Lumber Mill | 1 | 120 | / | 0 |
| Town Hall | 1 | 385 | / | 205 |
| Arcane Vault | 3 | 390 | / | 90 |
| Blacksmith | 1 | 140 | / | 60 |
| Barracks | 1 | 160 | / | 60 |
| Arcane Sanctum | 1 | 150 | / | 140 |
| Gryphon Aviary | 1 | 140 | / | 150 |
| Keep | 1 | 320 | / | 210 |
| Castle | 1 | 360 | / | 210 |
| total: | 84 | 4135g | / | 2235w |
| 0:01 | Peasant |
| 0:01 | Peasant |
| 0:10 | Altar of Kings |
| 0:15 | Peasant |
| 0:17 | Farm |
| 0:19 | Peasant |
| 0:32 | Scout Tower |
| 0:37 | Farm |
| 0:50 | Peasant |
| 1:00 | Lumber Mill |
| 1:03 | Peasant |
| 1:09 | Peasant |
| 1:22 | Scout Tower |
| 1:25 | Peasant |
| 1:37 | Peasant |
| 1:40 | Arcane Tower |
| 1:43 | Peasant |
| 1:48 | Scout Tower |
| 1:56 | Peasant |
| 2:04 | Peasant |
| 2:04 | Guard Tower |
| 2:12 | Blizzard |
| 2:24 | Scout Tower |
| 2:25 | Scout Tower |
| 2:48 | Guard Tower |
| 2:49 | Scout Tower |
| 2:50 | Scout Tower |
| 2:59 | Peasant |
| 3:04 | Peasant |
| 3:06 | Arcane Tower |
| 3:07 | Scout Tower |
| 3:08 | Scout Tower |
| 3:19 | Guard Tower |
| 3:20 | Scout Tower |
| 3:21 | Scout Tower |
| 3:21 | Scout Tower |
| 3:33 | Keep |
| 3:38 | Brilliance Aura |
| 3:44 | Guard Tower |
| 3:51 | Improved Masonry |
| 4:35 | Guard Tower |
| 4:36 | Scout Tower |
| 4:36 | Scout Tower |
| 4:36 | Scout Tower |
| 5:02 | Town Hall |
| 5:11 | Scout Tower |
| 5:11 | Scout Tower |
| 5:12 | Scout Tower |
| 5:12 | Scout Tower |
| 5:13 | Scout Tower |
| 5:13 | Scout Tower |
| 5:14 | Scout Tower |
| 5:27 | Farm |
| 5:40 | Arcane Tower |
| 5:40 | Guard Tower |
| 6:33 | Blizzard |
| 6:34 | Guard Tower |
| 7:06 | Staff of Teleportation |
| 7:11 | Boots of Speed |
| 7:17 | Guard Tower |
| 7:32 | Storm Bolt |
| 7:40 | Guard Tower |
| 7:43 | Scout Tower |
| 7:44 | Scout Tower |
| 7:44 | Scout Tower |
| 7:45 | Scout Tower |
| 7:50 | Guard Tower |
| 7:50 | Guard Tower |
| 8:17 | Castle |
| 8:20 | Improved Lumber Harvesting |
| 8:21 | Peasant |
| 8:21 | Peasant |
| 8:22 | Peasant |
| 8:52 | Scout Tower |
| 8:52 | Scout Tower |
| 9:30 | Scout Tower |
| 9:31 | Scout Tower |
| 9:31 | Scout Tower |
| 9:32 | Scout Tower |
| 9:35 | Guard Tower |
| 9:36 | Guard Tower |
| 9:36 | Guard Tower |
| 9:38 | Advanced Masonry |
| 9:39 | Farm |
| 9:40 | Farm |
| 9:43 | Scout Tower |
| 9:44 | Scout Tower |
| 9:44 | Scout Tower |
| 9:44 | Scout Tower |
| 9:45 | Scout Tower |
| 9:45 | Scout Tower |
| 9:46 | Scout Tower |
| 9:47 | Scout Tower |
| 9:49 | Scout Tower |
| 9:50 | Scout Tower |
| 9:51 | Scout Tower |
| 9:51 | Scout Tower |
| 9:52 | Scout Tower |
| 9:53 | Scout Tower |
| 9:53 | Scout Tower |
| 9:53 | Scout Tower |
| 9:59 | Guard Tower |
| 10:03 | Arcane Vault |
| 10:04 | Scout Tower |
| 10:05 | Scout Tower |
| 10:05 | Scout Tower |
| 10:06 | Scout Tower |
| 10:06 | Scout Tower |
| 11:04 | Arcane Sanctum |
| 11:06 | Imbued Masonry |
| 11:08 | Guard Tower |
| 11:26 | Guard Tower |
| 11:27 | Scout Tower |
| 11:28 | Scout Tower |
| 11:29 | Scout Tower |
| 11:30 | Scout Tower |
| 11:30 | Scout Tower |
| 11:31 | Scout Tower |
| 11:33 | Arcane Vault |
| 11:35 | Scout Tower |
| 11:35 | Scout Tower |
| 11:37 | Staff of Sanctuary |
| 11:41 | Guard Tower |
| 11:42 | Guard Tower |
| 11:42 | Guard Tower |
| 11:43 | Guard Tower |
| 11:43 | Arcane Tower |
| 11:50 | Boots of Speed |
| 11:51 | Periapt of Vitality |
| 11:58 | Arcane Vault |
| 12:04 | Holy Light |
| 12:14 | Guard Tower |
| 12:43 | Staff of Teleportation |
| 12:48 | Scroll of Town Portal |
| 12:52 | Potion of Lesser Invulnerability |
| 12:53 | Circlet of Nobility |
| 12:57 | Guard Tower |
| 13:02 | Guard Tower |
| 13:13 | Scout Tower |
| 13:14 | Scout Tower |
| 13:14 | Scout Tower |
| 13:15 | Scout Tower |
| 13:16 | Scout Tower |
| 13:16 | Scout Tower |
| 13:20 | Gryphon Aviary |
| 13:21 | Blacksmith |
| 13:23 | Barracks |
| 13:30 | Boots of Speed |
| 13:32 | Circlet of Nobility |
| 13:36 | Magic Sentry |
| 13:40 | Priest |
| 13:47 | Guard Tower |
| 14:41 | Dragonhawk Rider |
| 14:45 | Guard Tower |
| 14:46 | Scout Tower |
| 14:47 | Scout Tower |
| Right click | 1128 |
| Select | 407 |
| Select group | 202 |
| Build/train/purchase | 105 |
| Use ability | 31 |
| Misc. action | 17 |
| Assign group | 14 |
| Minimap ping | 12 |
| Chat | 8 |
| Item give/drop | 4 |


| Lesser Clarity Potion | 5 | 350 |
| Healing Salve | 5 | 500 |
| Scroll of Speed | 1 | 50 |
| Boots of Speed | 2 | 500 |
| Staff of Teleportation | 2 | 300 |
| Orb of Corruption | 1 | 375 |
| Staff of Sanctuary | 1 | 250 |
| total: | 17 | 2325g |
| Peon | 10 | 750 | / | 0 |
| Raider | 3 | 540 | / | 120 |
| Kodo Beast | 3 | 765 | / | 180 |
| total: | 16 | 2055g | / | 300w |
| Watch Tower | 17 | 1870 | / | 1360 |
| Altar of Storms | 1 | 180 | / | 50 |
| Orc Burrow | 4 | 640 | / | 160 |
| War Mill | 1 | 205 | / | 0 |
| Voodoo Lounge | 1 | 130 | / | 30 |
| Beastiary | 1 | 145 | / | 140 |
| Stronghold | 1 | 315 | / | 190 |
| Fortress | 1 | 325 | / | 190 |
| total: | 25 | 3170g | / | 1740w |
| 0:05 | Peon |
| 0:07 | Altar of Storms |
| 0:13 | Orc Burrow |
| 0:19 | Peon |
| 0:29 | Peon |
| 0:48 | War Mill |
| 0:51 | Peon |
| 1:04 | Peon |
| 1:12 | Voodoo Lounge |
| 1:21 | Peon |
| 1:31 | Peon |
| 1:40 | Peon |
| 1:57 | Peon |
| 2:07 | Watch Tower |
| 2:11 | Peon |
| 2:21 | Wind Walk |
| 2:29 | Watch Tower |
| 2:59 | Stronghold |
| 3:12 | Watch Tower |
| 3:43 | Watch Tower |
| 4:04 | Boots of Speed |
| 4:05 | Staff of Teleportation |
| 4:15 | Watch Tower |
| 4:31 | Orc Burrow |
| 5:05 | Watch Tower |
| 5:15 | Lesser Clarity Potion |
| 5:16 | Healing Salve |
| 5:34 | Watch Tower |
| 5:35 | Watch Tower |
| 5:42 | Critical Strike |
| 5:58 | Fortress |
| 6:10 | Watch Tower |
| 6:55 | Healing Salve |
| 6:56 | Healing Salve |
| 6:57 | Lesser Clarity Potion |
| 7:04 | Lesser Clarity Potion |
| 7:10 | Healing Wave |
| 7:20 | Watch Tower |
| 8:16 | Reinforced Defenses |
| 8:33 | Watch Tower |
| 8:35 | Watch Tower |
| 8:37 | Wind Walk |
| 9:42 | Watch Tower |
| 9:46 | Watch Tower |
| 9:53 | Pillage |
| 9:55 | Beastiary |
| 9:59 | Steel Melee Weapons |
| 9:59 | Steel Armor |
| 10:05 | Boots of Speed |
| 10:06 | Staff of Teleportation |
| 10:47 | Watch Tower |
| 10:52 | Orc Burrow |
| 11:11 | Hex |
| 11:12 | Healing Salve |
| 11:15 | Lesser Clarity Potion |
| 11:24 | Watch Tower |
| 11:35 | Orb of Corruption |
| 11:39 | Raider |
| 11:39 | Raider |
| 11:40 | Raider |
| 11:49 | Kodo Beast |
| 11:54 | Orc Burrow |
| 12:15 | Critical Strike |
| 12:37 | Watch Tower |
| 13:10 | Staff of Sanctuary |
| 13:57 | Scroll of Speed |
| 14:14 | Lesser Clarity Potion |
| 14:19 | Healing Salve |
| 14:47 | Kodo Beast |
| 14:47 | Kodo Beast |
| Right click | 790 |
| Assign group | 386 |
| Select group | 249 |
| Select | 132 |
| Build/train/purchase | 82 |
| Use ability | 24 |
| Item give/drop | 4 |
| Misc. action | 3 |
| Remove unit | 2 |
| Minimap ping | 1 |
130 units @ 11.9k
/ 1.1k
57 buildings @ 7.8k
/ 3.3k


| Peasant | 19 | 1425 | / | 0 |
| Rifleman | 5 | 1025 | / | 150 |
| Mortar Team | 1 | 180 | / | 70 |
| Priest | 2 | 270 | / | 20 |
| total: | 27 | 2900g | / | 240w |
| Scout Tower | 11 | 330 | / | 220 |
| Arcane Tower | 1 | 70 | / | 50 |
| Guard Tower | 6 | 420 | / | 300 |
| Altar of Kings | 1 | 180 | / | 50 |
| Farm | 8 | 640 | / | 160 |
| Lumber Mill | 1 | 120 | / | 0 |
| Blacksmith | 1 | 140 | / | 60 |
| Barracks | 1 | 160 | / | 60 |
| Arcane Vault | 1 | 130 | / | 30 |
| Town Hall | 1 | 385 | / | 205 |
| Cannon Tower | 1 | 120 | / | 100 |
| Workshop | 1 | 140 | / | 140 |
| Arcane Sanctum | 1 | 150 | / | 140 |
| Keep | 1 | 320 | / | 210 |
| total: | 27 | 2375g | / | 1065w |
| 0:02 | Peasant |
| 0:06 | Altar of Kings |
| 0:11 | Farm |
| 0:13 | Peasant |
| 0:23 | Peasant |
| 0:45 | Peasant |
| 0:51 | Lumber Mill |
| 1:03 | Peasant |
| 1:12 | Blacksmith |
| 1:14 | Peasant |
| 1:27 | Peasant |
| 1:36 | Barracks |
| 1:38 | Peasant |
| 1:47 | Peasant |
| 2:08 | Summon Water Elemental |
| 2:38 | Farm |
| 3:30 | Farm |
| 3:32 | Rifleman |
| 3:34 | Keep |
| 3:44 | Black Gunpowder |
| 3:47 | Rifleman |
| 4:16 | Rifleman |
| 4:20 | Farm |
| 4:46 | Scout Tower |
| 4:52 | Rifleman |
| 4:59 | Brilliance Aura |
| 5:07 | Arcane Vault |
| 5:12 | Studded Leather Armor |
| 5:18 | Arcane Tower |
| 5:41 | Rifleman |
| 5:46 | Farm |
| 5:48 | Farm |
| 6:05 | Workshop |
| 6:09 | Arcane Sanctum |
| 6:11 | Long Rifles |
| 6:53 | Summon Water Elemental |
| 6:57 | Farm |
| 7:01 | Improved Lumber Harvesting |
| 7:03 | Refined Gunpowder |
| 7:40 | Farm |
| 7:41 | Mortar Team |
| 7:47 | Priest |
| 7:47 | Priest |
| 7:57 | Holy Light |
| 8:39 | Peasant |
| 8:39 | Peasant |
| 8:40 | Peasant |
| 8:57 | Scout Tower |
| 9:47 | Scout Tower |
| 9:48 | Scout Tower |
| 9:52 | Scout Tower |
| 9:54 | Guard Tower |
| 9:55 | Magic Sentry |
| 10:00 | Peasant |
| 10:01 | Peasant |
| 10:42 | Guard Tower |
| 11:12 | Peasant |
| 11:12 | Peasant |
| 11:21 | Scout Tower |
| 11:22 | Scout Tower |
| 11:36 | Guard Tower |
| 11:44 | Divine Shield |
| 12:00 | Reinforced Leather Armor |
| 12:02 | Priest Adept Training |
| 12:15 | Town Hall |
| 12:17 | Guard Tower |
| 12:29 | Guard Tower |
| 12:35 | Scout Tower |
| 13:05 | Scout Tower |
| 13:05 | Scout Tower |
| 13:06 | Scout Tower |
| 13:12 | Cannon Tower |
| 13:54 | Guard Tower |
| 13:56 | Improved Masonry |
| 14:21 | Peasant |
| 14:21 | Peasant |
| 14:21 | Peasant |
| Select | 159 |
| Select group | 154 |
| Misc. action | 122 |
| Right click | 108 |
| Build/train/purchase | 63 |
| Assign group | 14 |
| Use ability | 4 |
| Item give/drop | 4 |
| Esc | 1 |


| Scroll of Healing | 1 | 250 |
| Scroll of Protection | 1 | 150 |
| total: | 2 | 400g |
| Wisp | 33 | 1980 | / | 0 |
| Archer | 2 | 260 | / | 20 |
| Huntress | 5 | 975 | / | 100 |
| Dryad | 2 | 290 | / | 120 |
| Ogre Mauler | 1 | 300 | / | 0 |
| total: | 43 | 3805g | / | 240w |
| Ancient Protector | 2 | 270 | / | 160 |
| Moon Well | 7 | 1260 | / | 280 |
| Altar of Elders | 1 | 180 | / | 50 |
| Ancient of War | 2 | 300 | / | 120 |
| Hunter's Hall | 1 | 210 | / | 100 |
| Tree of Life | 1 | 340 | / | 185 |
| Ancient of Lore | 2 | 310 | / | 290 |
| Tree of Ages | 1 | 320 | / | 180 |
| total: | 16 | 2870g | / | 1185w |
| 0:08 | Moon Well |
| 0:09 | Wisp |
| 0:10 | Wisp |
| 0:10 | Wisp |
| 0:15 | Altar of Elders |
| 0:31 | Wisp |
| 0:43 | Wisp |
| 1:01 | Ancient of War |
| 1:06 | Wisp |
| 1:07 | Wisp |
| 1:33 | Moon Well |
| 1:35 | Wisp |
| 1:36 | Wisp |
| 2:04 | Ancient of War |
| 2:07 | Archer |
| 2:12 | Wisp |
| 2:22 | Force of Nature |
| 2:38 | Hunter's Hall |
| 2:43 | Archer |
| 3:57 | Huntress |
| 3:59 | Tree of Ages |
| 4:05 | Moon Well |
| 4:28 | Huntress |
| 5:12 | Ancient Protector |
| 5:53 | Huntress |
| 5:54 | Huntress |
| 6:00 | Moon Well |
| 6:05 | Thorns Aura |
| 6:19 | Strength of the Moon |
| 6:24 | Ancient of Lore |
| 6:31 | Wisp |
| 6:31 | Wisp |
| 6:32 | Wisp |
| 7:02 | Moon Glaive |
| 7:34 | Entangling Roots |
| 7:40 | Ogre Mauler |
| 8:26 | Scroll of Protection |
| 8:28 | Scroll of Healing |
| 9:58 | Wisp |
| 9:58 | Wisp |
| 9:59 | Nature's Blessing |
| 10:01 | Huntress |
| 10:03 | Abolish Magic |
| 10:04 | Dryad |
| 10:04 | Dryad |
| 10:08 | Ancient of Lore |
| 10:27 | Trueshot Aura |
| 10:50 | Tree of Life |
| 11:43 | Ancient Protector |
| 12:17 | Moon Well |
| 13:09 | Wisp |
| 13:09 | Wisp |
| 13:10 | Wisp |
| 13:10 | Wisp |
| 13:19 | Moon Well |
| 13:51 | Wisp |
| 13:51 | Wisp |
| 14:20 | Wisp |
| 14:20 | Wisp |
| 14:20 | Wisp |
| 14:20 | Wisp |
| 14:21 | Wisp |
| 14:21 | Wisp |
| 14:21 | Wisp |
| 14:28 | Moon Well |
| 14:36 | Wisp |
| 14:36 | Wisp |
| 14:37 | Wisp |
| 14:37 | Wisp |
| 14:37 | Wisp |
| Right click | 258 |
| Select | 195 |
| Build/train/purchase | 63 |
| Use ability | 13 |
| Misc. action | 3 |
| Minimap ping | 1 |

| Wisp | 44 | 2640 | / | 0 |
| Archer | 3 | 390 | / | 30 |
| Huntress | 4 | 780 | / | 80 |
| Dryad | 8 | 1160 | / | 480 |
| Forest Troll Berserker | 1 | 245 | / | 30 |
| total: | 60 | 5215g | / | 620w |
| Ancient Protector | 3 | 405 | / | 240 |
| Altar of Elders | 1 | 180 | / | 50 |
| Moon Well | 6 | 1080 | / | 240 |
| Ancient of War | 1 | 150 | / | 60 |
| Hunter's Hall | 1 | 210 | / | 100 |
| Tree of Life | 1 | 340 | / | 185 |
| Ancient of Lore | 1 | 155 | / | 145 |
| Tree of Ages | 1 | 320 | / | 180 |
| total: | 14 | 2520g | / | 1020w |
| 0:16 | Altar of Elders |
| 0:19 | Wisp |
| 0:19 | Wisp |
| 0:19 | Wisp |
| 0:39 | Moon Well |
| 0:52 | Ancient of War |
| 1:15 | Wisp |
| 1:15 | Wisp |
| 1:15 | Wisp |
| 1:15 | Wisp |
| 1:16 | Wisp |
| 1:16 | Wisp |
| 1:59 | Archer |
| 1:59 | Archer |
| 2:00 | Archer |
| 2:07 | Moon Well |
| 2:41 | Fan of Knives |
| 2:54 | Wisp |
| 2:54 | Wisp |
| 2:54 | Wisp |
| 3:48 | Tree of Ages |
| 3:52 | Hunter's Hall |
| 4:37 | Moon Well |
| 5:09 | Ancient Protector |
| 5:47 | Blink |
| 6:36 | Wisp |
| 6:37 | Wisp |
| 6:37 | Wisp |
| 6:50 | Tree of Life |
| 7:08 | Moon Armor |
| 7:08 | Improved Moon Armor |
| 7:40 | Forest Troll Berserker |
| 8:23 | Fan of Knives |
| 8:39 | Moon Well |
| 8:45 | Moon Well |
| 8:46 | Moon Well |
| 8:51 | Wisp |
| 8:51 | Wisp |
| 8:51 | Wisp |
| 8:51 | Wisp |
| 8:51 | Wisp |
| 10:34 | Wisp |
| 10:34 | Wisp |
| 10:34 | Wisp |
| 10:34 | Wisp |
| 10:35 | Wisp |
| 10:35 | Wisp |
| 10:43 | Wisp |
| 10:44 | Wisp |
| 10:44 | Wisp |
| 10:44 | Wisp |
| 10:44 | Wisp |
| 10:54 | Ancient of Lore |
| 11:05 | Reinforced Hides |
| 11:42 | Huntress |
| 11:43 | Huntress |
| 11:43 | Huntress |
| 11:53 | Wisp |
| 11:53 | Wisp |
| 11:53 | Wisp |
| 12:32 | Wisp |
| 12:32 | Wisp |
| 12:32 | Wisp |
| 12:32 | Wisp |
| 12:32 | Wisp |
| 12:45 | Wisp |
| 12:52 | Dryad |
| 12:52 | Dryad |
| 12:52 | Dryad |
| 12:52 | Dryad |
| 12:52 | Dryad |
| 12:53 | Dryad |
| 12:53 | Dryad |
| 12:53 | Dryad |
| 12:58 | Huntress |
| 13:07 | Ancient Protector |
| 13:17 | Wisp |
| 13:17 | Wisp |
| 13:17 | Wisp |
| 13:45 | Ancient Protector |
| 14:12 | Wisp |
| 14:14 | Nature's Blessing |
| 14:24 | Abolish Magic |
| Right click | 390 |
| Build/train/purchase | 109 |
| Select | 73 |
| Select group | 23 |
| Assign group | 5 |
| Remove unit | 3 |
| Use ability | 2 |
⇛